 Dungeon Crawl Stone Soup version 0.27.0-1-g7a089689b8 (webtiles) character file.

Game seed: 13329019471014213172

154 Dann the Magician (level 5, -2/32 HPs)
             Began as an Octopode Hedge Wizard on Aug 9, 2021.
             Slain by an ogre (34 damage)
             ... on level 4 of the Dungeon.
             The game lasted 00:10:20 (4663 turns).

Dann the Magician (Octopode Hedge Wizard)           Turns: 4663, Time: 00:10:21

Health: -2/32      AC:  1    Str:  9    XL:     5   Next: 36%
Magic:  6/11       EV: 13    Int: 18    God:
Gold:   78         SH:  0    Dex: 11    Spells: 12/13 levels left

rFire    . . .     SeeInvis +   a - +0 dagger
rCold    . . .     Faith    .   (no shield)
rNeg     . . .     Spirit   .   b - +0 hat
rPois    +         Reflect  .   (no amulet)
rElec    .         Harm     .   i - ring of see invisible
rCorr    .         Rampage  .   k - ring of poison resistance
Will     .....                  (no ring)
Stlth    +++.......             (no ring)
HPRegen  0.10/turn              (no ring)
MPRegen  0.12/turn              (no ring)
                                (no ring)
                                (no ring)

@: very slightly contaminated
A: almost no armour, amphibious, 8 rings, camouflage 1, gelatinous body 1,
(nimble swimmer 1), tentacles
a: no special abilities


You were on level 4 of the Dungeon.
You visited 1 branch of the dungeon, and saw 4 of its levels.

You collected 78 gold pieces.

Inventory:

Hand Weapons
 a - a +0 dagger (weapon)
Armour
 b - a +0 hat (worn)
Jewellery
 i - a ring of see invisible (left tentacle)
 k - a ring of poison resistance (right tentacle)
Wands
 g - a wand of iceblast (8)
Scrolls
 d - 2 scrolls of noise {unknown}
 e - 5 scrolls of identify {unknown}
 f - 2 scrolls of vulnerability {unknown}
 h - a scroll of enchant weapon {unknown}
 j - a scroll of fog {unknown}
 m - 2 scrolls of brand weapon {unknown}
Potions
 c - 2 potions of heal wounds {unknown}
 l - a potion of magic {unknown}


   Skills:
 + Level 0.4 Fighting
 + Level 0.8 Short Blades
 + Level 2.5 Dodging
 + Level 3.1 Stealth
 + Level 4.6 Spellcasting
 + Level 2.2 Conjurations
 + Level 1.0 Summonings
 + Level 1.0 Translocations


You had 12 spell levels left.
You knew the following spells:

 Your Spells              Type           Power      Damage    Failure   Level
a - Magic Dart            Conj           48%        1d5       5%          1

Your spell library contained the following spells:

 Spells                   Type           Power      Damage    Failure   Level
 Blink                    Tloc           N/A        N/A       14%         2
 Call Imp                 Summ           7%         N/A       14%         2
 Slow                     Hex            4%         N/A       22%         2
 Conjure Flame            Conj/Fire      8%         6-21      26%         3
 Mephitic Cloud           Conj/Pois/Air  6%         N/A       30%         3


Dungeon Overview and Level Annotations

Branches:
Dungeon (4/15)
 Temple: D:4-7

Altars:
Uskayaw

Shops:
D:3 !

Annotations:
D:3 2 transporters, Dwachs's ghost, amateur OpCj


Innate Abilities, Weirdness & Mutations

You cannot wear most types of armour.
You are amphibious.
You can wear up to eight rings at the same time.
Your skin changes colour to match your surroundings (Stealth+).
Your rubbery body absorbs attacks. (AC +1, EV +1)
((You are camouflaged near water. (Stealth+)))
You have tentacles for arms and can constrict up to eight enemies at once.


Message History

Aiming: Magic Dart (safe; 5% risk of failure)
Press: ? - help, Shift-Dir - straight line, f/p - ogre
Aim: an ogre, wielding a +0 giant club (moderately wounded, 100% to hit)
The magic dart hits the ogre but does no damage.
The ogre is moderately wounded.
Casting: Magic Dart (safe; 5% risk of failure)
Confirm with . or Enter, or press ? or * to list all spells.
Aiming: Magic Dart (safe; 5% risk of failure)
Press: ? - help, Shift-Dir - straight line, f/p - ogre
Aim: an ogre, wielding a +0 giant club (moderately wounded, 100% to hit)
The magic dart hits the ogre.
The ogre is moderately wounded.
Casting: Magic Dart (safe; 5% risk of failure)
Confirm with . or Enter, or press ? or * to list all spells.
Aiming: Magic Dart (safe; 5% risk of failure)
Press: ? - help, Shift-Dir - straight line, f/p - ogre
Aim: an ogre, wielding a +0 giant club (moderately wounded, 100% to hit)
The magic dart hits the ogre.
The ogre is moderately wounded.
Casting: Magic Dart (safe; 5% risk of failure)
Confirm with . or Enter, or press ? or * to list all spells.
Aiming: Magic Dart (safe; 5% risk of failure)
Press: ? - help, Shift-Dir - straight line, f/p - ogre
Aim: an ogre, wielding a +0 giant club (moderately wounded, 100% to hit)
You miscast Magic Dart.
You are very lightly contaminated with residual magic.
Nothing appears to happen.
You hit the ogre.
The ogre is moderately wounded.
You barely miss the ogre.
The ogre is moderately wounded.
The ogre closely misses you.
You hit the ogre.
The ogre is heavily wounded.
The ogre closely misses you.
You hit the ogre.
The ogre is heavily wounded.
The ogre hits you with a +0 giant club!!
Ouch! That really hurt!
You die...

#.......... #..........
#...## #.......... ....#
#.......... ....#
......<... ....##
......... ## #....#
#........ .###....#
###@O......
<.......######..........
##......................
###...............###..
##..........##...# #
##.........#####...#
#..........# ....#
##.........## ......
#..........# ......


You could see an ogre.

Vanquished Creatures
  A jelly (D:3)
  An orc priest (D:2)
  A howler monkey skeleton (D:3)
  2 adders (D:2)
  An adder skeleton (D:2)
  2 worms (D:2)
  A dart slug (D:2)
  4 orcs
  3 ball pythons
  4 endoplasms
  6 giant cockroaches
  5 hobgoblins
  5 jackals
  A quokka (D:2)
  A bat (D:1)
  A frilled lizard (D:1)
  3 goblins
  7 kobolds
  3 rats
52 creatures vanquished.

Notes
Turn   | Place    | Note
-------+----------+-------------------------------------------
     0 | D:1      | Dann the Octopode Hedge Wizard began the quest for the Orb.
     0 | D:1      | Reached XP level 1. HP: 11/11 MP: 4/4
   318 | D:1      | Reached XP level 2. HP: 17/17 MP: 1/6
   683 | D:1      | Found a faded altar of an unknown god.
  1044 | D:2      | Reached XP level 3. HP: 13/21 MP: 1/8
  1886 | D:2      | Reached skill level 4 in Spellcasting
  2132 | D:2      | Reached XP level 4. HP: 27/27 MP: 5/10
  3191 | D:3      | Found Nuihia's Distillery.
  3462 | D:3      | Reached XP level 5. HP: 32/32 MP: 5/11
  3819 | D:3      | Found a transporter.
  3823 | D:3      | Noticed Dwachs's ghost (amateur OpCj)
  3873 | D:3      | Found a hide-covered altar of Uskayaw.
  4431 | D:3      | Found a transporter.
  4653 | D:4      | Noticed an ogre
  4663 | D:4      | Slain by an ogre

Illustrated notes

Levels and vault maps discovered:
D:1:      giann_bridges, layout_basic, chequers_ecumenical_altar_simple_redux,
          hangedman_decor_diamond_cutter
D:2:      layout_basic, st_stairs_9
D:3:      layout_loops_corners, eat_drink_and_be_merry_uskayaw,
          gammafunk_ghost_stat_death, serial_shops, shop
D:4:      layout_cave_pods

Skill      XL: |  1  2  3  4  5 |
---------------+----------------+-----
Stealth        | 3 |  3.1
Spellcasting   | 4 |  4.6
Conjurations   | 2 |  2.2
Fighting       | |  0.4
Short Blades   | |  0.8
Dodging        | |  2.5
Summonings     | |  1.0
Translocations | |  1.0

Action                   |  1- 3 |  4- 6 || total
-------------------------+-------+-------++-------
Melee: Dagger            |    24 |    19 ||    43
       Constrict         |     9 |     3 ||    12
       Tentacles         |     5 |     2 ||     7
 Cast: Magic Dart        |    84 |    78 ||   162
Armor: Skin              |       |     2 ||     2
Dodge: Dodged            |    12 |    29 ||    41
